 Dungeon Crawl Stone Soup version 0.18.1-6-gd335043 (webtiles) character file.

910 dorian the Agent of Entropy (level 8, -3/58 HPs)
             Began as a Formicid Abyssal Knight on May 17, 2016.
             Was a Priest of Lugonu.
             Slain by a sky beast (6 damage)
             ... on level 5 of the Dungeon.
             The game lasted 00:11:35 (5887 turns).

dorian the Agent of Entropy (FoAK)                  Turns: 5887, Time: 00:11:36

Health: -3/58      AC:  8    Str: 20    XL:     8   Next: 30%
Magic:  13/13      EV:  9    Int:  6    God:    Lugonu [***...]
Gold:   217        SH:  6    Dex: 10    Spells: 0 memorised, 7 levels left

rFire  . . .     SeeInvis +     K - +2 quarterstaff (chaos)
rCold  . . .     Gourm    .     m - +0 scale mail
rNeg   . . .     Faith    .     (no shield)
rPois  .         Spirit   .     (helmet unavailable)
rElec  .         Dismiss  .     F - +0 cloak (curse)
rCorr  .         Reflect  +     (no gloves)
SustAt .         Harm     .     r - +0 pair of boots
MR     .....                    I - +6 amulet of reflection
Stlth  ..........               G - -5 ring of intelligence (curse)
                                E - ring of wizardry

@: not resistant to hostile enchantments, extremely unstealthy
A: permanent stasis, dig shafts and tunnels, four strong arms, antennae 3
a: Dig, Shaft Self, Depart the Abyss, Bend Space, Banish, Renounce Religion


You were on level 5 of the Dungeon.
You worshipped Lugonu.
Lugonu was most pleased with you.
You were hungry.

You visited 1 branch of the dungeon, and saw 5 of its levels.
You visited the Abyss 1 time.

You collected 217 gold pieces.

Inventory:

Hand Weapons
 a - a +1 hand axe
 D - a +0 war axe
   (You took it off an orc on level 4 of the Dungeon)
 K - a +2 quarterstaff of chaos (weapon)
   (You took it off Crazy Yiuf on level 4 of the Dungeon)
Missiles
 p - 7 tomahawks (quivered)
Armour
 b - a +0 leather armour
 i - a +0 ring mail
   (You found it on level 1 of the Dungeon)
 m - a +0 scale mail (worn)
   (You found it on level 2 of the Dungeon)
 r - a +0 pair of boots (worn)
   (You found it on level 2 of the Dungeon)
 F - a cursed +0 cloak (worn)
   (You found it on level 4 of the Dungeon)
Jewellery
 E - a ring of wizardry (left hand)
   (You found it on level 4 of the Dungeon)
 G - a cursed -5 ring of intelligence (right hand)
   (You found it on level 4 of the Dungeon)
 I - a +6 amulet of reflection (around neck)
   (You found it on level 4 of the Dungeon)
Scrolls
 e - 2 scrolls of amnesia {unknown}
 g - 2 scrolls of fear {unknown}
 k - 2 scrolls of remove curse {unknown}
 n - a scroll of noise {unknown}
 o - 2 scrolls of teleportation {unknown}
 q - 2 scrolls of enchant weapon {unknown}
 s - 2 scrolls of magic mapping {unknown}
 t - a scroll of immolation {unknown}
 v - a scroll of blinking {unknown}
 x - 5 scrolls of identify {unknown}
 y - 2 scrolls of recharging {unknown}
 B - a scroll of enchant armour {unknown}
 C - a scroll of random uselessness {unknown}
Potions
 d - a potion of ambrosia {unknown}
 f - a potion of haste {unknown}
 j - 2 potions of curing {unknown}
 l - a potion of might {unknown}
 u - a potion of heal wounds
 z - a potion of beneficial mutation {unknown}
 H - a potion of flight {unknown}
 J - a potion of mutation {unknown}
Books
 A - a Fen Folio
   (You found it on level 3 of the Dungeon)

   Spells                             Type                      Level
   a - Corpse Rot                     Necromancy                   2
   b - Stone Arrow                    Conjuration/Earth            3
   c - Leda's Liquefaction            Hexes/Earth                  4
   d - Summon Forest                  Summoning/Translocation      5
   e - Hydra Form                     Transmutation                6
   f - Summon Hydra                   Summoning                    7
Comestibles
 c - 6 bread rations
 h - 2 beef jerkies
 w - 5 meat rations


   Skills:
 - Level 3.2 Fighting
 + Level 6.8 Axes
 - Level 1.0 Throwing
 - Level 2.1 Armour
 - Level 0.8 Dodging
 - Level 1.0 Stealth
 + Level 7.3 Invocations


You had 7 spell levels left.
You didn't know any spells.

Dungeon Overview and Level Annotations

Branches:
Dungeon (5/15)
 Temple: D:4-7

Altars:
Elyvilon
Kikubaaqudgha
Nemelex Xobeh
Pakellas
Ru
Yredelemnul


Innate Abilities, Weirdness & Mutations

You are under a permanent stasis effect.
You can dig through walls and to a lower floor.
Your four strong arms can wield two-handed weapons with a shield.
You have a pair of large antennae on your head (SInv).


Message History

The centaur is lightly wounded.
The centaur barely misses you. The centaur hits you.
You hit the centaur.
The centaur appears confused.
The centaur is moderately wounded.
The centaur mumbles something.
You hit the centaur but do no damage.
The centaur is severely wounded.
You barely miss the centaur.
The centaur is almost dead.
A sky beast comes into view.
You kill the centaur!
Lugonu accepts your kill.
The sky beast flickers out of sight for a moment.
The sky beast hits you but does no damage.
You thump the sky beast!
The sky beast is moderately wounded.
The sky beast hits you. The sky beast shocks you.
You block the sky beast's attack.
You closely miss the sky beast.
The sky beast is moderately wounded.
The sky beast hits you. The sky beast shocks you.
You hit the sky beast.
The sky beast is heavily wounded.
The sky beast hits you.
* * * LOW HITPOINT WARNING * * *
The sky beast shocks you.
* * * LOW HITPOINT WARNING * * *
Your scale mail prevents you from hitting the sky beast.
The sky beast is heavily wounded.
The sky beast hits you but does no damage.
The sky beast hits you.
* * * LOW HITPOINT WARNING * * *
The sky beast shocks you.
* * * LOW HITPOINT WARNING * * *
You hit the sky beast.
The sky beast seems to slow down.
The sky beast is heavily wounded.
The sky beast is no longer moving slowly.
You closely miss the sky beast.
The sky beast is heavily wounded.
The sky beast hits you but does no damage.
The sky beast hits you.
* * * LOW HITPOINT WARNING * * *
The sky beast shocks you.
* * * LOW HITPOINT WARNING * * *
You closely miss the sky beast.
The sky beast is heavily wounded.
The sky beast hits you.
* * * LOW HITPOINT WARNING * * *
The sky beast shocks you.
You die...

#..# #......# #..# #.†....#
. #..## #.......# ..#
##...### #.......#
....#####.(....#.........#
...........................#
..................>........#
.......)......$[...........#
.......>...@.........
..........Y..........
...................%.
...........)........
####......######## #.≈..###
#.≈≈.## #...## #...#


You could see a sky beast.

Vanquished Creatures
  2 phantoms (D:4)
  A centaur (D:5)
  An ogre (D:4)
  A howler monkey (D:4)
  Crazy Yiuf (D:4)
  2 hounds (D:4)
  2 orc wizards (D:3)
  A giant frog skeleton (D:4)
  4 worker ants (D:4)
  A hound skeleton (D:4)
  4 gnolls (D:3)
  12 adders
  An ooze (D:1)
  3 worms
  2 dart slugs
  3 giant geckos
  7 orcs
  2 ball pythons
  12 bats
  6 giant cockroaches
  6 goblins
  7 hobgoblins
  4 jackals (D:4)
  7 kobolds
  2 quokkas
  7 giant newts
  A jackal skeleton (D:4)
  A quokka skeleton (D:4)
  11 rats
  A spectral orc (D:3)
115 creatures vanquished.

Notes
Turn   | Place    | Note
--------------------------------------------------------------
     0 | Abyss:1  | dorian the Formicid Abyssal Knight began the quest for the Orb.
     0 | Abyss:1  | Reached XP level 1. HP: 18/18 MP: 2/2
    50 | Abyss:1  | Noticed a hell hog
    50 | Abyss:1  | Noticed a hell hog
    50 | D:1      | Escaped the Abyss
   134 | D:1      | Reached XP level 2. HP: 22/24 MP: 4/4
   198 | D:1      | Reached * piety under Lugonu
   291 | D:1      | Reached skill level 3 in Invocations
   378 | D:1      | Reached XP level 3. HP: 18/29 MP: 5/5
   482 | D:1      | Reached skill level 3 in Axes
   876 | D:2      | Reached XP level 4. HP: 34/35 MP: 6/6
  1021 | D:2      | Found an oddly glowing altar of Pakellas.
  1151 | D:2      | HP: 14/35 [worm (6)]
  1155 | D:2      | HP: 5/35 [worm (7)]
  1755 | D:2      | Reached ** piety under Lugonu
  2122 | D:3      | Found a basalt altar of Yredelemnul.
  2295 | D:3      | Reached XP level 5. HP: 40/41 MP: 7/7
  2347 | D:3      | Reached skill level 4 in Axes
  2383 | D:3      | HP: 19/41 [orc wizard/puff of frost (5)]
  2795 | D:3      | Reached skill level 1 in Throwing
  2821 | D:3      | Reached skill level 1 in Stealth
  2906 | D:3      | Found a faded altar to an unknown god.
  2915 | D:3      | Identified a Fen Folio
  2985 | D:3      | Reached XP level 6. HP: 47/47 MP: 8/8
  2998 | D:3      | Reached skill level 4 in Invocations
  3562 | D:4      | Reached skill level 5 in Axes
  3942 | D:4      | Reached skill level 5 in Invocations
  3983 | D:4      | Found a white marble altar of Elyvilon.
  4070 | D:4      | Noticed a phantom
  4092 | D:4      | HP: 22/47 [phantom (3)]
  4097 | D:4      | HP: 10/47 [phantom (3)]
  4102 | D:4      | HP: 9/47 [poisoned by an adder]
  4386 | D:4      | HP: 23/47 [phantom (6)]
  4393 | D:4      | HP: 20/47 [phantom (2)]
  4399 | D:4      | HP: 19/47 [phantom (2)]
  4609 | D:3      | Reached XP level 7. HP: 46/52 MP: 10/10
  4618 | D:3      | HP: 26/52 [orc wizard/dagger of venom (1)]
  4623 | D:3      | Reached *** piety under Lugonu
  4624 | D:3      | HP: 24/52 [poisoned by an orc wizard]
  4638 | D:3      | HP: 25/52 [poisoned by an orc wizard]
  4643 | D:3      | HP: 21/52 [poisoned by an orc wizard]
  4648 | D:3      | HP: 18/52 [poisoned by an orc wizard]
  4654 | D:3      | HP: 16/52 [poisoned by an orc wizard]
  4660 | D:3      | HP: 15/52 [poisoned by an orc wizard]
  4668 | D:3      | HP: 14/52 [poisoned by an orc wizard]
  5099 | D:4      | Reached skill level 6 in Axes
  5099 | D:4      | Reached skill level 6 in Invocations
  5274 | D:4      | Reached XP level 8. HP: 54/58 MP: 11/13
  5713 | D:4      | Noticed Crazy Yiuf
  5719 | D:4      | Killed Crazy Yiuf
  5719 | D:4      | Reached skill level 7 in Invocations
  5810 | D:5      | Entered Level 5 of the Dungeon
  5810 | D:5      | Found a sacrificial altar of Ru.
  5845 | D:5      | Found an ancient bone altar of Kikubaaqudgha.
  5845 | D:5      | Found a sparkling altar of Nemelex Xobeh.
  5879 | D:5      | HP: 29/58 [sky beast (3)]
  5880 | D:5      | HP: 14/58 [sky beast (6)]
  5882 | D:5      | HP: 6/58 [sky beast (6)]
  5887 | D:5      | HP: 3/58 [sky beast (4)]
  5887 | D:5      | Slain by a sky beast

Skill      XL: |  1  2  3  4  5  6  7  8 |
---------------+-------------------------+-----
Invocations    | 3 5 6 7 |  7.3
Axes           | 3 4 5 6 |  6.8
Throwing       | 1 |  1.0
Stealth        | 1 |  1.0
Fighting       | |  3.2
Armour         | |  2.1
Dodging        | |  0.8

Action                   |  1- 3 |  4- 6 |  7- 9 || total
-------------------------+-------+-------+-------++-------
Melee: Hand axe          |    83 |   271 |       ||   354
       War axe           |       |    47 |    86 ||   133
       Quarterstaff      |       |       |    13 ||    13
Throw: Tomahawk          |       |    20 |       ||    20
Invok: Depart the Abyss  |     1 |       |       ||     1
  Use: Potion            |       |       |     2 ||     2
  Eat: Chunk             |       |    11 |     5 ||    16
Armor: Leather armour    |    12 |       |       ||    12
       Scale mail        |     4 |   142 |    48 ||   194
       Ring mail         |     3 |       |       ||     3
Dodge: Dodged            |    58 |   170 |    46 ||   274
Block: Other             |       |       |     4 ||     4
